[Event "Titled Tuesday Blitz May 2 Early 2023"]
[White "Begunov, Konstantin"]
[Black "Blokhin, Sofia"]
[WhiteFideId "4118510"]
[BlackFideId "4508190"]
[WhiteElo "2087"]
[BlackElo "1994"]
[Result "1-0"]
[Round "08"]
[TimeControl "180+2"]
[Date "2023.05.02"]
[WhiteClock "0:00:32"]
[BlackClock "0:00:05"]

1. d4 f5 2. Nc3 g6 3. e4 fxe4 4. Nxe4 Bg7 5. f4 Nf6 6. Ng5 O-O 7. N1f3 h6 8. Nh3 d6 9. Bd3 Bxh3 10. gxh3 Nh5 11. Nh4 e5 12. Nxg6 exf4 13. Qxh5 Re8+ 14. Kd1 Qf6 15. Nxf4 Nc6 16. c3 Re7 17. Qd5+ Rf7 18. Bg6 Rf8 19. Rg1 Kh8 20. Bxf7 Rxf7 21. Nh5 Qf2 22. Rxg7 Qf1+ 23. Kc2 Qe2+ 24. Bd2 Rxg7 25. Nxg7 Kxg7 26. Rg1+ 1-0


[Site "https://www.chess.com"]

[Event "Titled Tuesday Blitz May 2 Early 2023"]
[White "Vivas Zamora, Fabian Ernesto"]
[Black "Kostiukov, Alexandr"]
[WhiteFideId "3902480"]
[BlackFideId "14108100"]
[WhiteElo "2262"]
[BlackElo "2202"]
[Result "1-0"]
[Round "08"]
[TimeControl "180+2"]
[Date "2023.05.02"]
[WhiteClock "0:00:59"]
[BlackClock "0:00:15"]

1. e4 c5 2. Nc3 g6 3. Bc4 Bg7 4. Qf3 e6 5. Nb5 d6 6. Qg3 e5 7. Qd3 Ke7 8. a4 Nc6 9. Qf3 Nf6 10. Ne2 Bg4 11. Qe3 Nd4 12. Nbxd4 cxd4 13. Qd3 Re8 14. O-O Kf8 15. f4 d5 16. exd5 1-0


[Site "https://www.chess.com"]

[Event "Titled Tuesday Blitz May 2 Early 2023"]
[White "Panda Sambit"]
[Black "Hinds, Nathan"]
[WhiteFideId "25091794"]
[BlackFideId "7400730"]
[WhiteElo "2272"]
[BlackElo "2001"]
[Result "1-0"]
[Round "08"]
[TimeControl "180+2"]
[Date "2023.05.02"]
[WhiteClock "0:00:18"]
[BlackClock "0:00:07"]

1. Nf3 c6 2. c4 d5 3. cxd5 cxd5 4. Qb3 Nf6 5. e3 g6 6. Nc3 Bg7 7. Bb5+ Nc6 8. O-O O-O 9. d4 e6 10. Bxc6 bxc6 11. Bd2 Nd7 12. Rfc1 c5 13. Qd1 cxd4 14. exd4 Nb6 15. Bf4 Bb7 16. b3 Rc8 17. Nb5 a6 18. Nd6 Rxc1 19. Rxc1 Qd7 20. Nxb7 Qxb7 21. Rc7 Qa8 22. Qd2 Rc8 23. Qc3 Qb8 24. Qc6 Bf8 25. Ng5 h6 26. Nxf7 Rxc7 27. Bxc7 Qc8 28. Nxh6+ Bxh6 29. Qxb6 Bg7 30. g3 Kh7 31. h4 Qf8 32. Be5 Bxe5 33. dxe5 Qc8 34. Kg2 Kh6 35. Qe3+ Kg7 36. Qg5 Qc6 37. h5 Kf7 38. Kh2 gxh5 39. Qxh5+ Ke7 40. Qh7+ Ke8 41. g4 d4 42. Qg8+ Ke7 43. Qg7+ Ke8 44. Qg6+ Ke7 45. g5 Qf3 46. Qf6+ Qxf6 47. gxf6+ Kf7 48. Kg3 Kg6 49. Kf3 Kf5 50. f7 Kxe5 51. f8=Q Kd5 52. Ke2 1-0


[Site "https://www.chess.com"]

[Event "Titled Tuesday Blitz May 2 Early 2023"]
[White "Sanhueza, Cristian"]
[Black "Kubatko, Ivan"]
[WhiteFideId "116815"]
[BlackFideId "24111473"]
[WhiteElo "2219"]
[BlackElo "2285"]
[Result "1-0"]
[Round "08"]
[TimeControl "180+2"]
[Date "2023.05.02"]
[WhiteClock "0:00:54"]
[BlackClock "0:00:04"]

1. e4 d5 2. exd5 Qxd5 3. Nc3 Qa5 4. d4 Nf6 5. Bd2 c6 6. Bc4 Bf5 7. Nf3 e6 8. Qe2 Nbd7 9. Ne5 Qb6 10. O-O-O Nxe5 11. dxe5 Nd7 12. g4 Bg6 13. f4 O-O-O 14. Ne4 Nc5 15. Nxc5 Bxc5 16. h4 Rxd2 17. Rxd2 Be3 18. Kb1 Bxd2 19. Qxd2 Rd8 20. Qe2 Qd4 21. Rf1 Be4 22. f5 Qxe5 23. fxe6 fxe6 24. Re1 Rd4 25. Bd3 Rxd3 26. cxd3 Bxd3+ 27. Qxd3 Qxe1+ 28. Kc2 Qxh4 29. Qe4 Qh2+ 30. Kb1 Qg1+ 31. Kc2 Qh2+ 32. Kb1 Kd7 33. Qd4+ Ke8 34. Qxa7 Qh1+ 35. Kc2 Qe4+ 36. Kc1 Qe1+ 37. Kc2 Qe2+ 38. Kc1 Qe3+ 39. Qxe3 1-0


[Site "https://www.chess.com"]

[Event "Titled Tuesday Blitz May 2 Early 2023"]
[White "Wessendorf, Thomas, Dr."]
[Black "Pasti, Aron"]
[WhiteFideId "4604270"]
[BlackFideId "785857"]
[WhiteElo "2280"]
[BlackElo "2173"]
[Result "1-0"]
[Round "08"]
[TimeControl "180+2"]
[Date "2023.05.02"]
[WhiteClock "0:00:16"]
[BlackClock "0:00:02"]

1. e4 e5 2. Nf3 Nc6 3. Bb5 a6 4. Ba4 Nf6 5. O-O Be7 6. Re1 b5 7. Bb3 d6 8. c3 Bg4 9. h3 Bh5 10. d3 O-O 11. Nbd2 Re8 12. Nf1 h6 13. Ng3 Bg6 14. Nh4 Bh7 15. Nhf5 Bf8 16. Qf3 Ne7 17. Nxh6+ gxh6 18. Qxf6 d5 19. Nh5 Bg6 20. Qf3 Bg7 21. Nxg7 Kxg7 22. exd5 Nf5 23. Bd2 Nd6 24. Qg3 Nf5 25. Qg4 Kh7 26. g3 Nd6 27. Re2 Bxd3 28. Re3 Bf5 29. Qh5 Bg6 30. Qf3 e4 31. Qf4 Rg8 32. Rxe4 Qf8 33. Re7 Bf5 34. Rxc7 Rg6 35. Rc6 Ne4 36. Rxg6 fxg6 37. Bc2 Nxd2 38. Qxd2 Bxc2 39. Qxc2 Rd8 40. Rd1 Qc5 41. Qe4 Rf8 42. Rd2 Qd6 43. Qe6 Qxe6 44. dxe6 Re8 45. Rd7+ Kg8 46. e7 Kf7 47. Ra7 Rxe7 48. Rxe7+ Kxe7 49. f4 Kd6 50. Kf2 Kd5 51. Ke3 a5 52. g4 Ke6 53. Ke4 h5 54. a3 a4 55. f5+ gxf5+ 56. gxf5+ Kf6 57. Kf4 h4 58. Kg4 Ke5 59. Kg5 Kd6 60. f6 Ke6 61. Kg6 Ke5 62. f7 1-0


[Site "https://www.chess.com"]

[Event "Titled Tuesday Blitz May 2 Early 2023"]
[White "Chirivi C, Jenny Astrid"]
[Black "Levitan, Caleb Levi"]
[WhiteFideId "4403061"]
[BlackFideId "14332620"]
[WhiteElo "2001"]
[BlackElo "1963"]
[Result "0-1"]
[Round "08"]
[TimeControl "180+2"]
[Date "2023.05.02"]
[WhiteClock "0:00:07"]
[BlackClock "0:00:06"]

1. d4 d5 2. c4 e6 3. Nc3 a6 4. Nf3 Nf6 5. Bg5 dxc4 6. e4 b5 7. e5 h6 8. Bh4 g5 9. Nxg5 hxg5 10. Bxg5 Nbd7 11. Qf3 Rb8 12. exf6 Bb7 13. d5 b4 14. Bxc4 bxc3 15. O-O Ne5 16. Qe2 Nxc4 17. Qxc4 Qxd5 18. Qg4 Qe4 19. Qg3 Bd6 20. f4 cxb2 21. Rab1 Bd5 22. Rfe1 Qc2 23. Kh1 Bxa2 24. Qe3 Bxb1 25. Qa7 Rd8 26. Qxa6 Qd3 27. Qc6+ Kf8 28. Qb7 Qd2 29. Rg1 Bf5 30. Qb5 b1=Q 31. Rxb1 Bxb1 32. Qxb1 Bxf4 33. h4 Bxg5 34. Qb3 Qe1+ 35. Kh2 Rxh4+ 0-1


[Site "https://www.chess.com"]

[Event "Titled Tuesday Blitz May 2 Early 2023"]
[White "Thiel, Thomas"]
[Black "Toktomushev, Teimur"]
[WhiteFideId "4615964"]
[BlackFideId "14176726"]
[WhiteElo "2234"]
[BlackElo "2116"]
[Result "0-1"]
[Round "08"]
[TimeControl "180+2"]
[Date "2023.05.02"]
[WhiteClock "0:00:04"]
[BlackClock "0:00:01"]

1. e4 c5 2. Nc3 e6 3. Nge2 a6 4. g3 b5 5. Bg2 Bb7 6. d4 cxd4 7. Nxd4 Nf6 8. O-O b4 9. Na4 Nxe4 10. Re1 d5 11. c4 bxc3 12. Nxc3 Nxc3 13. bxc3 Be7 14. c4 O-O 15. cxd5 Bxd5 16. Nf5 Bxg2 17. Nxe7+ Qxe7 18. Kxg2 Nc6 19. Bb2 Qb7 20. Rb1 Ne5+ 21. Kh3 Nf3 22. Bxg7 Qd5 23. Qxd5 exd5 24. Bxf8 Nxe1 25. Rxe1 Kxf8 26. Rd1 Rd8 27. Rd4 Ke7 28. Kg2 Kd6 29. Kf3 Kc5 30. Ke3 Re8+ 31. Kd3 Rb8 32. Ra4 Rb2 33. Rf4 Rxa2 34. Rxf7 Ra3+ 35. Ke2 Kd4 0-1


[Site "https://www.chess.com"]

[Event "Titled Tuesday Blitz May 2 Early 2023"]
[White "Fernandez Siles, Luis"]
[Black "Wimalasuriya, Kasun M."]
[WhiteFideId "2209420"]
[BlackFideId "9906789"]
[WhiteElo "2195"]
[BlackElo "1781"]
[Result "1-0"]
[Round "08"]
[TimeControl "180+2"]
[Date "2023.05.02"]
[WhiteClock "0:00:18"]
[BlackClock "0:01:44"]

1. e4 c5 2. Nf3 Nc6 3. Bb5 g6 4. Bxc6 bxc6 5. d3 Bg7 6. O-O Nh6 7. h3 O-O 8. Nc3 d6 9. Bg5 f6 10. Be3 Nf7 11. a3 Rb8 12. Rb1 g5 13. Nd2 Ne5 14. b4 cxb4 15. axb4 Rb7 16. d4 Ng6 17. Nc4 Be6 18. Na5 Rc7 19. Qd2 Qd7 20. d5 cxd5 21. Nxd5 Rcc8 22. c4 Nh4 23. f4 Bxh3 24. gxh3 Qxh3 25. Nxe7+ Kh8 26. Nxc8 Rxc8 27. Bd4 Qg3+ 28. Kh1 Nf3 29. Rxf3 Qxf3+ 30. Qg2 Qxf4 31. Rf1 Qh4+ 32. Kg1 Re8 33. Bf2 Qxe4 34. Re1 Qxg2+ 35. Kxg2 Rb8 36. b5 f5 37. Bxa7 Rf8 38. b6 f4 39. b7 f3+ 40. Kf1 g4 41. b8=Q 1-0


[Site "https://www.chess.com"]

[Event "Titled Tuesday Blitz May 2 Early 2023"]
[White "Harriott, Tyrell"]
[Black "Yonal, Timur"]
[WhiteFideId "2086484"]
[BlackFideId "44115725"]
[WhiteElo "2107"]
[BlackElo "1966"]
[Result "0-1"]
[Round "08"]
[TimeControl "180+2"]
[Date "2023.05.02"]
[WhiteClock "0:01:02"]
[BlackClock "0:00:15"]

1. d4 d5 2. e3 e6 3. Bd3 Nf6 4. f4 c5 5. c3 Ne4 6. Nf3 Be7 7. O-O O-O 8. Nbd2 f5 9. Ne5 Nc6 10. g4 Nxe5 11. fxe5 g6 12. gxf5 gxf5 13. Qf3 Kh8 14. Kh1 Qe8 15. Qh3 Nxd2 16. Bxd2 Qf7 17. Be2 Bd7 18. Bh5 Qg7 19. Rg1 Qh6 20. Qf3 Be8 21. Bxe8 Raxe8 22. Rg2 Rg8 23. e4 dxe4 24. Qf1 e3 25. Be1 Rxg2 26. Qxg2 Rg8 27. Qxb7 Qh3 28. Bg3 Rxg3 29. Qa8+ Rg8 30. Qb7 e2 0-1


[Site "https://www.chess.com"]

[Event "Titled Tuesday Blitz May 2 Early 2023"]
[White "Matveeva, Olga"]
[Black "Ciuffoletti, Paolo"]
[WhiteFideId "24107018"]
[BlackFideId "807630"]
[WhiteElo "2056"]
[BlackElo "2143"]
[Result "1/2-1/2"]
[Round "08"]
[TimeControl "180+2"]
[Date "2023.05.02"]
[WhiteClock "0:00:10"]
[BlackClock "0:00:33"]

1. d4 d5 2. c4 c6 3. Nf3 Nf6 4. Qb3 dxc4 5. Qxc4 Bf5 6. g3 e6 7. Bg2 Nbd7 8. O-O Be7 9. Nc3 O-O 10. Re1 Ne4 11. Qb3 Qb6 12. Nh4 Qxb3 13. axb3 Bb4 14. Bxe4 Bxe4 15. Bd2 Bxc3 16. bxc3 a5 17. Ng2 b5 18. Rec1 Nb6 19. f3 Bd5 20. Rcb1 a4 21. bxa4 Rxa4 22. e4 Bc4 23. Ne3 Rfa8 24. Rxa4 Rxa4 25. Kf2 Ra2 26. Ke1 Bd3 27. Rc1 Kf8 28. h4 Ke7 29. g4 h6 30. h5 Na4 31. Nd1 Nb2 32. Nxb2 Rxb2 33. Ra1 Rb1+ 34. Rxb1 Bxb1 35. Kf2 Ba2 36. f4 Bb1 37. Ke3 Bc2 38. g5 Bd1 39. gxh6 gxh6 40. f5 Bxh5 41. fxe6 fxe6 42. Kf4 Bg6 43. Ke5 h5 44. Bg5+ Kd7 45. Bh4 Bh7 46. Bg5 Bg6 47. Bh4 Bh7 48. Bg5 Bg6 1/2-1/2


[Site "https://www.chess.com"]

[Event "Titled Tuesday Blitz May 2 Early 2023"]
[White "Rodriguez Santiago, Jaime"]
[Black "Torres Dominguez, David"]
[WhiteFideId "3100898"]
[BlackFideId "2220857"]
[WhiteElo "2025"]
[BlackElo "1999"]
[Result "0-1"]
[Round "08"]
[TimeControl "180+2"]
[Date "2023.05.02"]
[WhiteClock "0:00:33"]
[BlackClock "0:00:23"]

1. c4 e5 2. Nc3 Nc6 3. g3 f5 4. Bg2 Nf6 5. d3 Bb4 6. e3 Bxc3+ 7. bxc3 O-O 8. Ne2 d6 9. O-O Qe8 10. f4 Bd7 11. c5 Qh5 12. cxd6 cxd6 13. h3 Rad8 14. Rb1 Bc8 15. Ba3 e4 16. d4 Na5 17. Rb4 b6 18. Rf2 Ba6 19. Qd2 Nc4 20. Qc1 d5 21. Ra4 Bb5 22. Bxf8 Bxa4 23. Be7 Rc8 24. Bxf6 gxf6 25. g4 fxg4 26. hxg4 Qxg4 27. Kh2 Qh4+ 28. Kg1 Kh8 29. Kf1 Rg8 30. f5 Rg3 31. Nxg3 Qxg3 32. Kg1 Nxe3 33. Qe1 Ng4 34. Rf1 Qh2# 0-1


[Site "https://www.chess.com"]

[Event "Titled Tuesday Blitz May 2 Early 2023"]
[White "Winkels, Marcel"]
[Black "Mogirzan, Matei-Valeriu"]
[WhiteFideId "1003887"]
[BlackFideId "1257455"]
[WhiteElo "1900"]
[BlackElo "1733"]
[Result "0-1"]
[Round "08"]
[TimeControl "180+2"]
[Date "2023.05.02"]
[WhiteClock "0:00:03"]
[BlackClock "0:00:30"]

1. e4 e5 2. Nf3 Nf6 3. Nxe5 Nc6 4. Nxc6 dxc6 5. d3 Bc5 6. Be2 h5 7. c3 Ng4 8. d4 Qh4 9. g3 Qf6 10. f3 h4 11. Bf4 hxg3 12. Bxg3 Ne3 13. Qd3 Ng2+ 14. Kf2 Bh3 15. e5 Qe7 16. dxc5 Rd8 17. Qe4 Qxc5+ 18. Kf1 Ne3+ 19. Ke1 Bf5 0-1


[Site "https://www.chess.com"]

[Event "Titled Tuesday Blitz May 2 Early 2023"]
[White "James, Stuart"]
[Black "Balague Camps, Marc"]
[WhiteFideId "7400489"]
[BlackFideId "2297914"]
[WhiteElo "1950"]
[BlackElo "2089"]
[Result "0-1"]
[Round "08"]
[TimeControl "180+2"]
[Date "2023.05.02"]
[WhiteClock "0:00:12"]
[BlackClock "0:00:27"]

1. e4 c5 2. Nf3 e6 3. d4 cxd4 4. Nxd4 Nc6 5. Nb5 d6 6. Bf4 e5 7. Be3 a6 8. N5c3 f5 9. Bc4 Nf6 10. f3 f4 11. Bf2 b5 12. Bb3 Na5 13. Bd5 Bb7 14. O-O Be7 15. a4 b4 16. Bxb7 Nxb7 17. Nd5 a5 18. Bb6 Nxd5 19. Bxd8 Ne3 20. Qd3 Rxd8 21. Re1 O-O 22. Rxe3 fxe3 23. Qd5+ Rf7 24. Qxb7 Bh4 25. Qd5 e2 26. Nd2 e1=Q+ 27. Rxe1 Bxe1 28. Nc4 Kf8 29. Nxe5 Rc7 30. Nc6 Rdc8 31. Qxd6+ Kf7 32. Ne5+ Kg8 33. Qe6+ Kf8 34. Nd7+ Rxd7 35. Qxd7 Rxc2 36. Qf5+ Ke7 37. Qe5+ Kf7 38. Qd5+ Ke8 39. e5 Rxb2 40. e6 Rd2 41. Qc6+ Ke7 42. Qb7+ Kxe6 43. Qe4+ Kd6 44. Qxe1 Rd4 45. Qg3+ Kc5 46. Qxg7 b3 47. Qa7+ Kc4 48. Qxa5 b2 49. Qb5+ Kc3 50. a5 Rb4 51. Qe5+ Kb3 52. Qe3+ Ka2 53. Qe6+ Rb3 54. a6 b1=Q+ 55. Kf2 Qb2+ 56. Kg3 Qg7+ 57. Kf2 Qa7+ 58. Kg3 Qc7+ 59. Kf2 Qb6+ 60. Qxb6 Rxb6 61. a7 Ra6 0-1


[Site "https://www.chess.com"]

[Event "Titled Tuesday Blitz May 2 Early 2023"]
[White "Ansh M Shah"]
[Black "Sanchez, German"]
[WhiteFideId "25033379"]
[BlackFideId "4403959"]
[WhiteElo "2084"]
[BlackElo "1816"]
[Result "0-1"]
[Round "08"]
[TimeControl "180+2"]
[Date "2023.05.02"]
[WhiteClock "0:00:06"]
[BlackClock "0:00:06"]

1. d4 c5 2. c4 cxd4 3. Qxd4 Nc6 4. Qd1 e5 5. Nf3 e4 6. Nd4 Bc5 7. Nxc6 bxc6 8. Nc3 Nf6 9. Bg5 Bxf2+ 10. Kxf2 Ng4+ 11. Ke1 Qxg5 12. Nxe4 Qf4 13. Qd4 O-O 14. g3 Qf5 15. Bh3 d5 16. Nd6 Qh5 17. Bg2 Be6 18. c5 Nf6 19. Bf3 Qg6 20. Kf2 Rab8 21. b4 a5 22. a3 axb4 23. axb4 h5 24. h4 Ng4+ 25. Kg2 f5 26. Qf4 Qf6 27. Ra7 d4 28. Bxc6 Rxb4 29. Bf3 Rb2 30. c6 d3 31. Re1 dxe2 32. Rxe2 Rxe2+ 33. Bxe2 Qb2 34. Qe3 Nxe3+ 35. Kf3 Nd5 36. c7 Qc3+ 37. Kf2 Nxc7 38. Nb5 Qc5+ 39. Kg2 Nxb5 40. Ra5 Qe3 41. Kh3 Qxe2 42. Rxb5 Qg4+ 43. Kg2 Rd8 0-1


[Site "https://www.chess.com"]

[Event "Titled Tuesday Blitz May 2 Early 2023"]
[White "Omariev, Maksim"]
[Black "Flis, Pawel"]
[WhiteFideId "4193423"]
[BlackFideId "1112864"]
[WhiteElo "2304"]
[BlackElo "1822"]
[Result "1-0"]
[Round "08"]
[TimeControl "180+2"]
[Date "2023.05.02"]
[WhiteClock "0:00:16"]
[BlackClock "0:00:03"]

1. g4 d5 2. Bg2 c6 3. h3 e5 4. d4 e4 5. c4 Be6 6. Nc3 Bb4 7. Bf4 Ne7 8. e3 Qa5 9. Ne2 O-O 10. a3 Bxc3+ 11. Nxc3 f5 12. b4 Qd8 13. c5 Ng6 14. Bd6 Rf7 15. Qe2 f4 16. f3 Qh4+ 17. Kd2 exf3 18. Bxf3 Nd7 19. exf4 Re8 20. f5 Rxf5 21. gxf5 Bf7 22. Qd3 Nf4 23. Qf1 Nh5 24. Ne2 Ng3 25. Bxg3 Qg5+ 26. Bf4 Qxf5 27. Bg4 Qe4 28. Bxd7 Bg6 29. Be5 Qd3+ 30. Ke1 Rf8 31. Qg2 1-0


[Site "https://www.chess.com"]

[Event "Titled Tuesday Blitz May 2 Early 2023"]
[White "Amitpal, Singh"]
[Black "Kornyukov, Alexey"]
[WhiteFideId "5012899"]
[BlackFideId "4150457"]
[WhiteElo "2107"]
[BlackElo "2352"]
[Result "1-0"]
[Round "08"]
[TimeControl "180+2"]
[Date "2023.05.02"]
[WhiteClock "0:00:16"]
[BlackClock "0:00:17"]

1. e4 c5 2. Nc3 Nc6 3. Bb5 e6 4. Bxc6 bxc6 5. f4 d5 6. Nf3 Be7 7. O-O Nf6 8. d3 O-O 9. Qe1 d4 10. Ne2 Ba6 11. b3 Nd7 12. e5 f6 13. Ng3 f5 14. Bd2 Nb6 15. Ba5 Qd7 16. Bxb6 axb6 17. a4 b5 18. Ne2 c4 19. dxc4 bxc4 20. bxc4 Bxc4 21. Nexd4 Bxf1 22. Qxf1 Bc5 23. Qc4 Bxd4+ 24. Nxd4 Rfe8 25. Nxf5 Qd5 26. Nd6 Qxc4 27. Nxc4 Ra6 28. a5 Rb8 29. Kf2 Rb4 30. Nd6 Rxf4+ 31. Ke3 Rg4 32. g3 Rg5 33. Kd4 Rg4+ 34. Kc5 Rg5 35. Nc4 Rf5 36. Rb1 Rf2 37. Rb6 Ra7 38. Rxc6 Rxc2 39. Kb6 Ra8 40. a6 Ra2 41. Kb7 Rf8 42. Nd6 Rd8 43. Rc8 Rxc8 44. Nxc8 Kf7 45. a7 Rb2+ 46. Nb6 Ra2 47. a8=Q Rxa8 48. Kxa8 Kg6 49. Kb7 Kf5 50. Nd7 Ke4 51. Kc6 Kf3 52. Kd6 Kg2 53. Kxe6 Kxh2 54. Kf7 Kxg3 55. e6 h5 56. e7 h4 57. e8=Q h3 58. Qe5+ Kg2 59. Qe4+ Kg1 60. Qe1+ Kg2 61. Qe2+ Kg1 62. Qg4+ Kh2 63. Kxg7 1-0


[Site "https://www.chess.com"]

[Event "Titled Tuesday Blitz May 2 Early 2023"]
[White "Schut, Han"]
[Black "Larina, Maria"]
[WhiteFideId "1005561"]
[BlackFideId "24113182"]
[WhiteElo "2024"]
[BlackElo "1848"]
[Result "0-1"]
[Round "08"]
[TimeControl "180+2"]
[Date "2023.05.02"]
[WhiteClock "0:00:48"]
[BlackClock "0:01:22"]

1. e4 c6 2. Nf3 d5 3. e5 Bg4 4. h3 Bxf3 5. Qxf3 e6 6. d4 Qb6 7. c3 Nd7 8. Nd2 c5 9. Nb3 cxd4 10. cxd4 Bb4+ 11. Bd2 Bxd2+ 12. Kxd2 Ne7 13. Bd3 a5 14. Rab1 a4 15. Nc5 Nxc5 16. dxc5 Qxc5 17. Qg3 O-O 18. h4 Rfc8 19. h5 h6 20. Rh4 Nf5 21. Bxf5 exf5 22. Qd3 Qxf2+ 0-1


[Site "https://www.chess.com"]

[Event "Titled Tuesday Blitz May 2 Early 2023"]
[White "Sadovsky, Artem"]
[Black "Quirke, Jeffrey"]
[WhiteFideId "4155840"]
[BlackFideId "2013029"]
[WhiteElo "2314"]
[BlackElo "2007"]
[Result "1-0"]
[Round "08"]
[TimeControl "180+2"]
[Date "2023.05.02"]
[WhiteClock "0:02:05"]
[BlackClock "0:00:31"]

1. Nf3 e6 2. e4 d5 3. Nc3 dxe4 4. Nxe4 Bd7 5. d4 Bc6 6. Bd3 Nd7 7. O-O Ngf6 8. Qe2 Nxe4 9. Bxe4 Bxe4 10. Qxe4 c6 11. c3 Be7 12. Bf4 O-O 13. Rfe1 Nf6 14. Qc2 a5 15. a4 Nd5 16. Be5 Rc8 17. Qe4 Bf6 18. Qg4 Bxe5 19. Nxe5 c5 20. Rad1 cxd4 21. Rxd4 Qe7 22. h4 Rfd8 23. Nf3 Nf6 24. Qg5 Rxd4 25. Nxd4 Qc7 26. Nb5 Qc6 27. Na7 1-0


[Site "https://www.chess.com"]

[Event "Titled Tuesday Blitz May 2 Early 2023"]
[White "Elissalt Cardenas, Hector"]
[Black "Kiseljova, Marya"]
[WhiteFideId "3500632"]
[BlackFideId "4155009"]
[WhiteElo "2202"]
[BlackElo "1851"]
[Result "0-1"]
[Round "08"]
[TimeControl "180+2"]
[Date "2023.05.02"]
[WhiteClock "0:00:02"]
[BlackClock "0:00:13"]

1. c4 e5 2. Nc3 Bb4 3. Nd5 Bc5 4. e3 Nf6 5. Nf3 Nxd5 6. cxd5 d6 7. d3 O-O 8. Be2 Bf5 9. O-O Nd7 10. d4 Bb6 11. dxe5 dxe5 12. Qd2 Re8 13. Rd1 Nf6 14. Bb5 Bd7 15. Bc4 Ne4 16. b3 Nxd2 17. Rxd2 Ba5 18. Rd1 e4 19. Nd4 Bc3 20. Rb1 Bxd4 21. Rxd4 b5 22. Be2 Qg5 23. Ba3 Bh3 24. g3 a6 25. Rc1 Rac8 26. Bb4 Red8 27. Rcd1 Bg4 28. Bxg4 Qxg4 29. R1d2 h5 30. h4 Rd7 31. Rc2 Rcd8 32. d6 cxd6 33. Rd5 Qe6 34. Rcd2 Rc8 35. Kg2 Rc1 36. Rg5 f6 37. Rxh5 Qg4 0-1


[Site "https://www.chess.com"]

[Event "Titled Tuesday Blitz May 2 Early 2023"]
[White "Buscar, Michael"]
[Black "Hartikainen, Jarmo"]
[WhiteFideId "2603616"]
[BlackFideId "503134"]
[WhiteElo "2010"]
[BlackElo "2108"]
[Result "1/2-1/2"]
[Round "08"]
[TimeControl "180+2"]
[Date "2023.05.02"]
[WhiteClock "0:00:06"]
[BlackClock "0:00:03"]

1. d4 Nf6 2. c4 g6 3. Nc3 d5 4. Nf3 Bg7 5. Qb3 dxc4 6. Qxc4 O-O 7. g3 c6 8. Bg2 b5 9. Qd3 a6 10. O-O Bb7 11. Ne5 Qc8 12. Bf4 Nbd7 13. Rac1 c5 14. Bh3 c4 15. Qd2 e6 16. Bh6 Nxe5 17. dxe5 Qc6 18. f3 Qc5+ 19. Be3 Qxe5 20. Bd4 Rfd8 21. Rfd1 Qc7 22. Qe3 b4 23. Bb6 Rxd1+ 24. Nxd1 Qc6 25. Nf2 Nd5 26. Qc5 Qxb6 27. Qxb6 Nxb6 28. Bf1 Rc8 29. Rc2 b3 30. axb3 cxb3 31. Rd2 Rc2 32. Rd8+ Bf8 33. Rb8 Rc7 34. Nd3 Nd5 35. Kf2 Kg7 36. e4 Nb4 37. Ke3 Nc6 38. Re8 Rc8 39. Rxc8 Bxc8 40. Nc1 Na5 41. Kd4 Kf6 42. f4 Ke7 43. e5 Bg7 44. Kc3 f6 45. Kb4 Nc6+ 46. Kc5 Bb7 47. Kb6 Ba8 48. Bxa6 fxe5 49. Nd3 exf4 50. gxf4 e5 51. Bb5 exf4 52. Nxf4 Nd4 53. Bc4 Nf3 54. h3 Be5 55. Nd3 Bd4+ 56. Kb5 Ng5 57. Bxb3 Nxh3 58. Bg8 h5 59. b3 Ng5 60. Kc4 h4 61. Kxd4 h3 62. Nf2 h2 63. Bc4 h1=Q 64. Nxh1 Bxh1 65. b4 Kd7 66. Ke5 Nf7+ 67. Kf6 Nd6 68. Bd3 Kc6 69. Ke6 Nb5 70. Ke5 Bg2 71. Kf4 Bh3 72. Ke5 Bd7 73. Bxg6 Na3 74. Be4+ Kb5 75. Kd6 Kxb4 76. Kxd7 1/2-1/2


[Site "https://www.chess.com"]

[Event "Titled Tuesday Blitz May 2 Early 2023"]
[White "Vargas Rodriguez, Wilver"]
[Black "Barria Santos, Jose Guilherme"]
[WhiteFideId "3509672"]
[BlackFideId "1939300"]
[WhiteElo "2224"]
[BlackElo "2266"]
[Result "1-0"]
[Round "08"]
[TimeControl "180+2"]
[Date "2023.05.02"]
[WhiteClock "0:00:11"]
[BlackClock "0:00:02"]

1. e4 c6 2. Nf3 d5 3. Nc3 Bg4 4. d3 e6 5. h3 Bh5 6. g4 Bg6 7. exd5 cxd5 8. Bf4 Nc6 9. Qd2 Bd6 10. Bxd6 Qxd6 11. Bg2 Nge7 12. Ne2 O-O-O 13. O-O-O e5 14. Ng3 Qc5 15. Nh4 Kb8 16. f4 exf4 17. Qxf4+ Ka8 18. Nxg6 Nxg6 19. Qd2 Rc8 20. Kb1 Nb4 21. c3 Nc6 22. d4 Qb6 23. Nf5 Rhd8 24. Nxg7 a5 25. Nf5 a4 26. Ne3 Qb5 27. Qd3 Qa5 28. Nc2 Nf4 29. Qd2 Nxg2 30. Qxg2 Ne7 31. Rhe1 Ng6 32. Na3 Rc6 33. Qc2 Rb6 34. Ka1 Rc8 35. Re2 Nf4 36. Re3 Ne6 37. Rde1 Nxd4 38. Qd2 1-0


[Site "https://www.chess.com"]

[Event "Titled Tuesday Blitz May 2 Early 2023"]
[White "Kaiyrbekov, Rustam"]
[Black "Smietanska, Wiktoria"]
[WhiteFideId "13702424"]
[BlackFideId "21869359"]
[WhiteElo "2171"]
[BlackElo "1995"]
[Result "0-1"]
[Round "08"]
[TimeControl "180+2"]
[Date "2023.05.02"]
[WhiteClock "0:00:46"]
[BlackClock "0:00:46"]

1. c4 Nf6 2. Nc3 g6 3. Nf3 Bg7 4. e4 d6 5. d4 O-O 6. Bd3 e5 7. d5 Ne8 8. O-O f5 9. Bg5 Nf6 10. Qd2 f4 11. h4 h6 12. Bxf6 Qxf6 13. b4 g5 14. hxg5 hxg5 15. c5 g4 16. Nh2 f3 17. Nb5 Bh6 18. Qc2 Qh4 19. Nxc7 Bf4 20. Nxf3 gxf3 21. g3 Qh3 0-1


[Site "https://www.chess.com"]

[Event "Titled Tuesday Blitz May 2 Early 2023"]
[White "Osiecki, Stanislaw"]
[Black "Sanchez, Robert"]
[WhiteFideId "1102990"]
[BlackFideId "2034360"]
[WhiteElo "2088"]
[BlackElo "1966"]
[Result "1-0"]
[Round "08"]
[TimeControl "180+2"]
[Date "2023.05.02"]
[WhiteClock "0:02:05"]
[BlackClock "0:01:58"]

1. e4 e6 2. d4 d5 3. e5 b6 4. c3 Qd7 5. Nf3 Ba6 6. Bxa6 Nxa6 7. O-O c5 8. Qd3 Nc7 9. h4 Ne7 10. h5 h6 11. Nh2 Qb5 12. Qh3 Nf5 13. g4 Ne7 14. f4 cxd4 15. cxd4 Nc6 16. Nf3 Be7 17. f5 O-O-O 18. Nc3 Qc4 19. Rd1 Kb8 20. Be3 Nb5 21. Nxb5 Qxb5 22. Qg2 Rc8 23. a4 Qb3 24. Nd2 Qxe3+ 1-0


[Site "https://www.chess.com"]

[Event "Titled Tuesday Blitz May 2 Early 2023"]
[White "Delorme, Axel"]
[Black "Van Baar, Esper"]
[WhiteFideId "632023"]
[BlackFideId "1049321"]
[WhiteElo "2478"]
[BlackElo "2180"]
[Result "1-0"]
[Round "08"]
[TimeControl "180+2"]
[Date "2023.05.02"]
[WhiteClock "0:00:50"]
[BlackClock "0:00:01"]

1. d4 Nf6 2. Nf3 d5 3. Bf4 e6 4. e3 c5 5. Nbd2 Bd6 6. Ne5 Qc7 7. Bg3 Nbd7 8. f4 O-O 9. c3 b6 10. Bd3 Bb7 11. O-O Ne4 12. Qc2 f5 13. Ndf3 Nxe5 14. fxe5 Be7 15. Bh4 Bxh4 16. Nxh4 a5 17. a4 Ba6 18. Nf3 Bxd3 19. Qxd3 c4 20. Qe2 b5 21. axb5 Rfb8 22. Ra2 Rxb5 23. Rfa1 Qb6 24. Qc2 h6 25. Nd2 Nxd2 26. Qxd2 a4 27. Qc2 Rb3 28. g4 g6 29. gxf5 gxf5 30. Kh1 Qa7 31. Rg1+ Kh7 32. Qg2 Qf7 33. Qg3 a3 34. Rxa3 Rbxa3 35. bxa3 Rxa3 36. Qe1 Ra2 37. Qb1 Re2 38. Qb8 Rxe3 39. Rb1 Kg6 40. Rb7 1-0


[Site "https://www.chess.com"]

[Event "Titled Tuesday Blitz May 2 Early 2023"]
[White "Duda, Jan-Krzysztof"]
[Black "Gupta, Abhijeet"]
[WhiteFideId "1170546"]
[BlackFideId "5010608"]
[WhiteElo "2790"]
[BlackElo "2528"]
[Result "1-0"]
[Round "09"]
[TimeControl "180+2"]
[Date "2023.05.02"]
[WhiteClock "0:00:12"]
[BlackClock "0:00:57"]

1. d4 Nf6 2. c4 Nc6 3. Nf3 e6 4. a3 g6 5. Nc3 Bg7 6. Bf4 O-O 7. e3 d6 8. Be2 b6 9. O-O Bb7 10. h3 Nd7 11. Bh2 e5 12. b4 exd4 13. exd4 a5 14. b5 Ne7 15. Nh4 Nc5 16. dxc5 Bxc3 17. cxd6 cxd6 18. Rb1 Bf6 19. Nf3 Rc8 20. Qb3 Nf5 21. Rbd1 Re8 22. Rfe1 d5 23. cxd5 Bc3 24. d6 Bxe1 25. d7 Rxe2 26. dxc8=Q Bxf2+ 27. Kf1 Qxc8 28. Kxe2 Bxf3+ 29. Qxf3 Qc2+ 30. Rd2 Nd4+ 31. Kf1 Qxd2 32. Qxf2 1-0


[Site "https://www.chess.com"]